 Dungeon Crawl Stone Soup version 0.28-a0-1412-gf95308ed99 (webtiles) character file.

Game seed: 1567452108652723767

106 coolguy69 the Ruffian (level 4, 0/44 HPs)
             Began as a Troll Monk on Jan 7, 2022.
             Slain by a scorpion (5 damage)
             ... on level 3 of the Dungeon.
             The game lasted 00:02:46 (1480 turns).

coolguy69 the Ruffian (Troll Monk)                  Turns: 1480, Time: 00:02:46

Health: 0/44       AC:  4    Str: 21    XL:     4   Next: 55%
Magic:  3/3        EV: 10    Int:  6    God:
Gold:   103        SH:  0    Dex: 12    Spells: 3/3 levels left

rFire   . . .      SeeInvis .     - Unarmed
rCold   . . .      Faith    .   (no shield)
rNeg    . . .      Spirit   .   a - +0 robe
rPois   .          Reflect  .   (helmet restricted)
rElec   .          Harm     .   (no cloak)
rCorr   .          Rampage  .   (gloves unavailable)
Will    .....                   (boots unavailable)
Stlth   ++........              (no amulet)
HPRegen 0.94/turn               (no ring)
MPRegen 0.08/turn               (no ring)

@: lethally poisoned (0 -> -1)
A: large, unfitting armour, claws 3, regeneration 1, shaggy fur 1, tough skin 1
a: no special abilities


You were on level 3 of the Dungeon.
You visited 1 branch of the dungeon, and saw 3 of its levels.

You collected 103 gold pieces.

Inventory:

Armour
 a - a +0 robe (worn)
Scrolls
 c - a scroll of magic mapping {unknown}
 d - a scroll of teleportation {unknown}
 e - a scroll of identify {unknown}
 f - a scroll of noise {unknown}
 g - a scroll of vulnerability {unknown}
Potions
 b - a potion of curing {unknown}


   Skills:
 + Level 2.9 Fighting
 + Level 3.1 Dodging
 + Level 1.2 Stealth
 + Level 4.2 Unarmed Combat


You had 3 spell levels left.
You didn't know any spells.
Your spell library contained the following spells:

 Spells                   Type           Power      Damage    Failure   Level
 Summon Small Mammal      Summ           0%         N/A       45%         1
 Call Canine Familiar     Summ           0%         N/A       83%         3
 Summon Guardian Golem    Hex/Summ       0%         N/A       83%         3


Dungeon Overview and Level Annotations

Branches:
Dungeon (3/15)

Altars:


Innate Abilities, Weirdness & Mutations

You are too large for most types of armour.
You have claws for hands.
Your natural rate of healing is unusually fast.
You are covered in fur. (AC +1)
You have tough skin. (AC +1)


Message History

The scorpion is moderately wounded.
The scorpion stings you but does no damage.
You barely miss the scorpion.
The scorpion is moderately wounded.
The scorpion stings you but does no damage.
You scratch the scorpion.
The scorpion is heavily wounded.
The scorpion stings you.
You scratch the scorpion but do no damage.
The scorpion is heavily wounded.
The scorpion stings you! The scorpion stings you.
You scratch the scorpion but do no damage.
The scorpion is heavily wounded.
The scorpion stings you.
You are too injured to fight recklessly!
You are too injured to fight recklessly!
You are too injured to fight recklessly!
You are too injured to fight recklessly!
You are too injured to fight recklessly!
You are too injured to fight recklessly!
You are too injured to fight recklessly!
You completely miss the scorpion. Your claw misses the scorpion.
The scorpion is heavily wounded.
The scorpion barely misses you.
You barely miss the scorpion.
The scorpion is heavily wounded.
The scorpion stings you.
You are poisoned.
The scorpion poisons you!
You scratch the scorpion but do no damage.
You claw the scorpion, but do no damage.
The scorpion is heavily wounded.
You feel very sick. The scorpion stings you.
* * * LOW HITPOINT WARNING * * *
You feel very sick.
You feel sick.
You feel sick.
You feel sick. The scorpion stings you.
You die...

#...<...#
#.....###...#
....#####....#
.............#
.....#####...# ##
........>###.....
.................
###.....###.####
#...@.....# #
#...s.#####
.##.##.....#
...........#
#.........##
#..#....#..#
>.......##..#
###.....# #.#
##.?... ...


You could see a scorpion.

Vanquished Creatures
  An adder (D:2)
  5 gnolls
  2 worms (D:2)
  2 dart slugs (D:1)
  5 endoplasms
  A giant cockroach (D:2)
  7 goblins
  A hobgoblin (D:2)
  2 jackals (D:1)
  3 quokkas
  A ball python (D:2)
  A bat (D:1)
  2 frilled lizards
  4 kobolds
  6 rats
43 creatures vanquished.

Notes
Turn   | Place    | Note
-------+----------+-------------------------------------------
     0 | D:1      | coolguy69 the Troll Monk began the quest for the Orb.
     0 | D:1      | Reached XP level 1. HP: 22/22 MP: 0/0
   162 | D:1      | Reached XP level 2. HP: 29/29 MP: 1/1
   254 | D:1      | Reached XP level 3. HP: 36/36 MP: 2/2
   861 | D:2      | Reached XP level 4. HP: 15/44 MP: 3/3
   880 | D:2      | Reached skill level 4 in Unarmed Combat
  1461 | D:3      | Noticed a scorpion
  1480 | D:3      | Slain by a scorpion

Illustrated notes

Levels and vault maps discovered:
D:1:      dpeg_arrival_rooms_b, layout_basic, minmay_vboxes
D:2:      layout_loops_corners, minmay_misc_feat_roman
D:3:      layout_rooms, shapermc_ecumenical_altar_mp_vishouse

Skill      XL: |  1  2  3  4 |
---------------+-------------+-----
Dodging        | 3 |  3.1
Unarmed Combat | 4 |  4.2
Fighting       | |  2.9
Stealth        | |  1.2

Action                   |  1- 3 |  4- 6 || total
-------------------------+-------+-------++-------
Melee: Unarmed           |    93 |    34 ||   127
       Punch             |     3 |     2 ||     5
 Stab: Sleeping          |     3 |     2 ||     5
Armor: Robe              |    35 |     8 ||    43
Dodge: Dodged            |    55 |    11 ||    66

Table legend: (Time is in decaauts)
 A = Elapsed time spent in this place.
 B = Non-inter-level travel time spent in this place.
 C = Inter-level travel time spent in this place.
 D = Time resting spent in this place.
 E = Time spent auto-exploring this place.
 F = Levels seen in this place.
 G = Mean time per level.
                   A        B        C        D        E       F      G
               +--------+--------+--------+--------+--------+-----+--------+
         Total |   1470 |   1406 |     64 |     25 |   1082 |   3 |  490.0 |
       Dungeon |   1470 |   1406 |     64 |     25 |   1082 |   3 |  490.0 |
               +--------+--------+--------+--------+--------+-----+--------+

Top non-repeatable levels by time:
     D:2: 900 daAuts
     D:1: 537 daAuts
     D:3: 32 daAuts
